 Dungeon Crawl Stone Soup version 0.29-a0-700-g2f1814c7b2 (webtiles) character file.

Game seed: 10494838689632051055

91056 lunkers the Warrior (level 17, -16/170 HPs)
             Began as a Meteoran Venom Mage on June 25, 2022.
             Was an Elder of Ashenzari.
             Demolished by a salamander mystic
             ... wielding a +0 quarterstaff
              (22 damage)
             ... on level 3 of the Snake Pit.
             The game lasted 00:54:03 (9991 turns).

lunkers the Warrior (Meteoran Venom Mage)           Turns: 9991, Time: 00:54:04

Health: -16/170    AC:  9    Str: 11    XL:     17   Next: 4%
Magic:  33/44      EV: 24    Int: 22    God:    Ashenzari [****..]
Gold:   168        SH: 22    Dex: 23    Spells: 16/42 levels left

rFire   + . .      SeeInvis +   a - +10 morningstar "Eos" {elec, Halo rElec}
rCold   + . .      Faith    .   t - +3 kite shield "Diraes" {rElec rCorr Stlth+}
rNeg    . . .      Spirit   .   A - +2 robe of Ashenzari's Gnosis {rC+ rF+, Comp, Self} (curse)
rPois   .          Reflect  +   q - +0 helmet of Toth-Mos's Legacy {Evo, Self} (curse)
rElec   +          Harm     .   M - +2 cloak of the Restrained Prison {Will+, Melee, Self} (curse)
rCorr   +          Rampage  .   (no gloves)
Will    +++..      Clarity  +   r - +0 pair of boots of the Fated Ordeal {Evo, Elem} (curse)
Stlth   ++........              i - amulet of the Eye in the Sky {Reflect SH+5, Fort, Alch} (curse)
HPRegen 0.38/turn               k - ring "Omen of Ashenzari" {Dex+6, Range, Alch} (curse)
MPRegen 0.29/turn               w - ring of the Manifest Fetters {MP+9, Fort, Melee} (curse)

@: lethally poisoned (-16 -> -18), death channelling, animating dead, glowing
A: sense surroundings 2, otherworldly, glowing, explore regen
a: Renounce Religion, Curse Item, Shatter the Chains


You were on level 3 of the Snake Pit.
You worshipped Ashenzari.
Ashenzari was greatly pleased with you.
You visited 6 branches of the dungeon, and saw 25 of its levels.
You also visited: Volcano.

You collected 1684 gold pieces.
You spent 1516 gold pieces at shops.

Inventory:

Hand Weapons
 a - the +10 morningstar "Eos" (weapon) {elec, Halo rElec}
   (You bought it in a shop on level 1 of the Dungeon)

   It occasionally discharges a powerful burst of electricity upon striking a
   foe.
   It grants its wielder a halo, increasing accuracy against those within it.
   rElec:     It insulates you from electricity.
 G - a +3 morningstar of freezing
Missiles
 u - 6 throwing nets
Armour
 c - a +0 troll leather armour
 q - the cursed +0 helmet of Toth-Mos's Legacy (worn) {Evo, Self}
   (You found it on level 3 of the Dungeon)

   It has a curse which improves the following skills: Evocations: Evocations.
   Introspection: Fighting and Spellcasting.
 r - the cursed +0 pair of boots of the Fated Ordeal (worn) {Evo, Elem}
   (You found it on level 3 of the Dungeon)

   It has a curse which improves the following skills: Evocations: Evocations.
   Elements:  Fire Magic, Ice Magic, Air Magic and Earth Magic.
 t - the +3 kite shield "Diraes" (worn) {rElec rCorr Stlth+}
   (You bought it in a shop on level 2 of the Orcish Mines)

   rElec:     It insulates you from electricity.
   rCorr:     It protects you from acid and corrosion.
   Stlth:     It makes you more stealthy.
 A - the cursed +2 robe of Ashenzari's Gnosis (worn) {rC+ rF+, Comp, Self}
   (You took it off an orc wizard on level 5 of the Dungeon)

   It has a curse which improves the following skills: Companions: Summonings
   and Necromancy.
   Introspection: Fighting and Spellcasting.
 B - a +3 scale mail of fire resistance
 D - a +2 scale mail of positive energy
 J - a +0 kite shield
 M - the cursed +2 cloak of the Restrained Prison (worn) {Will+, Melee, Self}
   (You acquired it on level 2 of the Lair of Beasts)

   It has a curse which improves the following skills: Melee Combat: Short
   Blades, Long Blades, Axes, Maces & Flails, Polearms, Staves and Unarmed
   Combat.
   Introspection: Fighting and Spellcasting.
 O - a +3 ring mail of fire resistance
 Y - a +0 buckler
Jewellery
 i - the cursed amulet of the Eye in the Sky (around neck) {Reflect SH+5, Fort, Alch}
   (You found it on level 2 of the Dungeon)

   [amulet of reflection]

   It reflects blocked missile attacks.
   SH:        It affects your SH (+5).
   It has a curse which improves the following skills: Fortitude: Armour and
   Shields.
   Alchemy:   Poison Magic and Transmutations.
 k - the cursed ring "Omen of Ashenzari" (left hand) {Dex+6, Range, Alch}
   (You found it on level 2 of the Dungeon)

   [ring of dexterity]

   Dex:       It affects your dexterity (+6).
   It has a curse which improves the following skills: Ranged Combat: Slings,
   Bows, Crossbows and Throwing.
   Alchemy:   Poison Magic and Transmutations.
 p - a ring of wizardry
 w - the cursed ring of the Manifest Fetters (right hand) {MP+9, Fort, Melee}
   (You found it on level 5 of the Dungeon)

   [ring of magical power]

   MP:        It affects your magic capacity (+9).
   It has a curse which improves the following skills: Fortitude: Armour and
   Shields.
   Melee Combat: Short Blades, Long Blades, Axes, Maces & Flails, Polearms,
   Staves and Unarmed Combat.
 C - a ring of resist corrosion
 L - a ring of willpower
 Q - the ring "Baot" {Ice *Corrode rElec MP+9}
   (You found it on level 5 of the Lair of Beasts)

   [ring of ice]

   It enhances your ice magic.
   rF:        It makes you vulnerable to fire.
   rC:        It protects you from cold.
   rElec:     It insulates you from electricity.
   MP:        It affects your magic capacity (+9).
   *Corrode:  It may corrode you when you take damage.
 V - a ring of flight
 Z - an amulet of magic regeneration
Wands
 m - a wand of polymorph (3)
 y - a wand of charming (7)
 z - a wand of light (4)
 I - a wand of iceblast (13)
 R - a wand of flame (12)
Scrolls
 d - 5 scrolls of blinking
 e - 2 scrolls of immolation
 g - 3 scrolls of vulnerability
 l - 8 scrolls of amnesia
 n - 3 scrolls of enchant armour
 x - 8 scrolls of teleportation
 H - a scroll of fear
 K - 2 scrolls of silence
 S - a scroll of fog
 U - 3 scrolls of enchant weapon
 W - a scroll of summoning
Potions
 b - 2 potions of magic
 f - 4 potions of heal wounds
 h - 4 potions of attraction
 j - 2 potions of cancellation
 o - 2 potions of lignification
 s - 9 potions of curing
 v - 2 potions of ambrosia
 E - a potion of berserk rage
 F - 2 potions of brilliance
 N - 2 potions of resistance
 T - a potion of flight
 X - a potion of haste


   Skills:
 + Level 16.1(19.8) Fighting
 + Level 10.2(13.2) Maces & Flails
 - Level 15.3 Dodging
 - Level 1.4 Stealth
 * Level 9.5(12.5) Shields
 - Level 9.3(13.2) Spellcasting
 - Level 15.3(17.1) Necromancy
 - Level 1.2(3.0) Transmutations
 - Level 4.7(6.6) Earth Magic
 - Level 8.1(11.1) Poison Magic


You had 16 spell levels left.
You knew the following spells:

 Your Spells              Type           Power      Damage    Failure   Level
b - Poisonous Vapours     Pois/Air       78%        N/A       1%          2
c - Olgreb's Toxic Radia  Pois           59%        N/A       1%          4
d - Mephitic Cloud        Conj/Pois/Air  31%        N/A       5%          3
e - Animate Dead          Necr           74%        N/A       1%          4
f - Death Channel         Necr           37%        N/A       1%          6
g - Borgnjor's Vile Clut  Necr/Erth      30%        N/A       1%          5
p - Passwall              Tmut/Erth      29%        N/A       1%          2

Your spell library contained the following spells:

 Spells                   Type           Power      Damage    Failure   Level
 Sublimation of Blood     Necr           74%        N/A       0%          2
 Sting                    Tmut/Pois      100%       1d8       1%          1
 Spider Form              Tmut/Pois      45%        N/A       1%          3
 Beastly Appendage        Tmut           56%        N/A       2%          1
 Wereblood                Tmut           28%        N/A       3%          2
 Ensorcelled Hibernation  Hex/Ice        30%        N/A       12%         2
 Swiftness                Air            15%        N/A       24%         3
 Conjure Ball Lightning   Conj/Air       7%         3x3d6     100%        6
 Summon Hydra             Summ           7%         N/A       100%        7
 Discord                  Hex            7%         N/A       100%        8
 Disjunction              Tloc           7%         N/A       100%        8


Dungeon Overview and Level Annotations

Branches:
Dungeon (12/15) Zot: 1202  Temple (1/1) D:7 Zot: 407    Lair (6/6) D:9 Zot: 1350
 Shoals (1/4) Lair:4 Zot: 590   Snake (3/4) Lair:4 Zot: 1136   Slime (0/5) Lair:5
    Orc (2/2) D:9 Zot: 688     Elf (0/3) Orc:2       Volcano (visited)

Altars:
Ashenzari
Cheibriados
Dithmenos
Elyvilon
Fedhas
Gozag
Hepliaklqana
Kikubaaqudgha
Makhleb
Nemelex Xobeh
Okawaru
Qazlal
Ru
Sif Muna
Trog
Uskayaw
Vehumet
Wu Jian
Xom
Yredelemnul
Zin
The Shining One
Beogh
Jiyva

Shops:
D:1 *   D:3 (   D:8 [   D:9 [   D:10 !   Orc:2 *![*=

Annotations:
D:8 1 runed translucent door, tabacat's ghost, novice DrCj
D:12 3 runed translucent doors, Zeisox's ghost, journeyman DrSu
Lair:4 1 runed translucent door, Dutwide's ghost, journeyman MfGl
Lair:5 1 runed translucent door
Lair:6 exclusion: obsidian statue
Shoals:1 exclusion: orange crystal statue


Innate Abilities, Weirdness & Mutations

You passively map the area around you.
You are easily found by Zot.
You glow in the dark.
You regain HP and MP as you explore.


Message History

The naga warrior barely misses your spectral black mamba.
Unknown command.
Unknown command.
You swap places.
You feel sick.
The naga no longer looks unusually strong.
Your spectral black mamba closely misses the naga warrior.
The anaconda bites your naga zombie but does no damage.
The anaconda constricts your naga zombie.
The naga warrior closely misses you. You block the naga warrior's attack.
The naga hits your black mamba zombie with a +0 flail of protection!
The naga grabs your black mamba zombie.
The naga constricts your black mamba zombie.
Your black mamba zombie bites the naga but does no damage.
Your naga zombie barely misses the naga mage.
Your naga zombie closely misses the naga mage.
The salamander mystic closely misses you.
Your spectral naga misses the naga warrior.
Your spectral naga grabs the naga warrior.
Your spectral naga constricts the naga warrior.
The naga hits you from afar with a +0 halberd!
* * * LOW HITPOINT WARNING * * *
Your spectral black mamba bites the naga warrior but does no damage.
The naga hits your black mamba zombie with a +0 hand axe!!
The naga hits your spectral naga with a +0 hand axe!
The naga hits your spectral black mamba with a +0 hand axe!!
The naga warrior hits your spectral black mamba with a +0 scimitar!
The naga hits your black mamba zombie with a +2 vorpal battleaxe.
Your black mamba zombie is destroyed!
You block the naga's attack. The anaconda bites your naga zombie!
The anaconda constricts your naga zombie.
Unknown command.
You feel sick.
The naga mage no longer looks unusually strong.
The naga warrior blocks your spectral black mamba's attack.
The naga mage gestures at the naga warrior while chanting.
The naga warrior hits you from afar with a +0 trident!!
* * * LOW HITPOINT WARNING * * *
Something loses its grip on your naga zombie.
The salamander mystic hits you with a +0 quarterstaff!!
You die...

, ...N..).##.,..#....#....#...
* .........#.##.###..##.Z.#.(.
* ......NS.#......###....##...
*
,......ยง.{###......###.##....
*,.......).#.............#.###
......ZNN#.........Z...### *
########N#.#.............#
*,,......ZZ.N#.#...........#
,*.......N.N@)###.........#
,*.......NNN))..#.........#
........?.)...#.###.....# *
*..............#.# ####.## *,,
.....###...###### ## , *
#####* #####


You could see 2 naga warriors, a salamander mystic (strong), a naga mage (fast,
curare), 4 nagas, a friendly spectral black mamba, a friendly spectral naga and
a friendly naga zombie.

Vanquished Creatures
  Gastronok (D:8)
  A red draconian (Volcano)
  2 dire elephants (Lair:6)
  Harold (Lair:1)
  A boulder beetle (D:8)
  A catoblepas (Lair:6)
  An ogre mage (D:12)
  A centaur warrior (Volcano)
  An anaconda (Snake:2)
  8 two-headed ogres
  2 naga warriors
  An orc high priest (Orc:2)
  2 shock serpents
  3 naga sharpshooters (Snake:3)
  2 spectral death yaks (Lair:6)
  2 salamander mystics
  A spectral anaconda (Lair:6)
  4 naga ritualists
  3 necromancers (Lair:6)
  3 mana vipers (Snake:2)
  7 orc knights (Orc:2)
  4 salamanders
  A cyclops (D:12)
  2 manticores
  An ugly thing (D:12)
  12 elephants
  A dire elephant zombie (Lair:6)
  4 naga magi
  7 cane toads
  16 black mambas
  3 unseen horrors
  3 komodo dragons
  2 yaktaurs (Volcano)
  2 rime drakes
  4 trolls
  6 slime creatures (D:12)
  A hornet (D:10)
  2 dream sheep (Lair:6)
  14 blink frogs
  2 shadows
  A vampire (D:9)
  5 wyverns
  11 yaks
  2 basilisks
  A vampire mosquito (D:12)
  2 steam dragons
  3 wargs
  Edmund (D:5)
  5 spectral cane toads (Lair:6)
  13 nagas
  11 water moccasins
  3 acid dragons
  5 ice beasts
  A sky beast (D:8)
  31 orc warriors
  20 wolves
  13 ogres
  An elephant skeleton (Lair:6)
  5 centaurs
  2 kobold brigands
  6 bullfrogs
  2 scorpions
  2 gnoll sergeants
  6 wights
  5 killer bees (D:10)
  6 howler monkeys
  3 electric eels
  A jelly (D:5)
  9 orc priests
  3 gnoll shamans
  8 hounds
  Jessica (D:2)
  An iguana (D:7)
  Terence (D:3)
  16 orc wizards
  An ogre zombie (D:12)
  20 gnolls
  5 adders
  A shadow imp (D:6)
  An ufetubus (D:6)
  2 worms
  2 dart slugs (D:4)
  63 orcs
  6 ball pythons
  3 bats
  3 giant cockroaches
  2 goblins
  6 hobgoblins
  3 jackals (D:4)
  3 kobolds
  A quokka (D:2)
  4 frilled lizards
  2 rats
  A butterfly (Lair:6)
470 creatures vanquished.

Vanquished Creatures (collateral kills)
  A nagaraja (Snake:2)
  2 dire elephants (Lair:6)
  2 anacondas
  2 naga warriors (Snake:2)
  A centaur warrior (D:11)
  A two-headed ogre (D:12)
  3 naga sharpshooters
  4 mana vipers
  A lindwurm (Lair:6)
  2 naga ritualists (Snake:2)
  5 salamanders
  A merfolk siren (Lair:4)
  4 elephants (Lair:6)
  8 black mambas
  2 naga magi
  2 cane toads (Lair:6)
  2 komodo dragons
  An unseen horror (D:12)
  2 rime drakes (Lair:6)
  3 dream sheep (Lair:6)
  4 blink frogs (Lair:6)
  A wyvern (D:11)
  6 yaks
  A vampire mosquito (D:12)
  7 wargs (Orc:2)
  10 nagas
  A water moccasin (Lair:6)
  An acid dragon (D:11)
  7 orc warriors
  5 ogres
  A gnoll sergeant (D:12)
  A wight (D:9)
  A howler monkey (D:11)
  A hound (D:9)
  3 orc priests
  2 orc wizards (Orc:1)
  11 orcs
112 creatures vanquished.

Vanquished Creatures (others)
  2 anaconda zombies
  2 mana viper zombies (Snake:2)
  5 black mamba zombies
  2 two-headed ogre zombies
  A human zombie (Lair:6)
  A cane toad zombie (Lair:6)
  3 elephant zombies (Lair:6)
  A water moccasin zombie (Lair:6)
  6 warg zombies (Orc:2)
  2 naga zombies (Snake:3)
  A wolf zombie (Lair:2)
  A bullfrog zombie (Lair:4)
  2 killer bee zombies (D:10)
  An ogre zombie (Orc:1)
  An orc (D:7)
  2 kobold zombies (D:10)
  52 orc zombies
  14 fungi
  32 plants
  11 withered plants (Lair:6)
142 creatures vanquished.

Grand Total: 724 creatures vanquished

Notes
Turn   | Place    | Note
-------+----------+-------------------------------------------
     0 | D:1      | lunkers the Meteoran Venom Mage began the quest for the
                  | Orb.
     0 | D:1      | Reached XP level 1. HP: 14/14 MP: 5/5
    75 | D:1      | Reached XP level 2. HP: 20/20 MP: 3/6
    89 | D:1      | Found Avyoh's General Store.
   109 | D:1      | Learned a level 2 spell: Poisonous Vapours
   154 | D:2      | Found an ancient bone altar of Kikubaaqudgha.
   264 | D:2      | Reached XP level 3. HP: 17/26 MP: 0/8
   464 | D:2      | Noticed Jessica
   470 | D:2      | Killed Jessica
   471 | D:2      | Reached skill level 5 in Poison Magic
   471 | D:2      | Reached XP level 4. HP: 33/33 MP: 0/10
   577 | D:3      | Learned a level 4 spell: Olgreb's Toxic Radiance
   853 | D:3      | Found Atunutt's Antique Weapon Shoppe.
   916 | D:3      | Reached XP level 5. HP: 20/38 MP: 0/11
   968 | D:3      | Found a burning altar of Makhleb.
   970 | D:3      | Noticed an Executioner
  1068 | D:4      | Found a snail-covered altar of Cheibriados.
  1108 | D:4      | You fall into a shaft and drop 1 floor!
  1108 | D:5      | Entered Level 5 of the Dungeon
  1150 | D:5      | Reached XP level 6. HP: 28/45 MP: 5/13
  1174 | D:5      | Noticed an ice beast
  1193 | D:5      | Killed an ice beast
  1194 | D:5      | Reached skill level 5 in Spellcasting
  1287 | D:4      | Noticed an ice beast
  1299 | D:4      | Reached XP level 7. HP: 50/50 MP: 15/15
  1369 | D:3      | Noticed Terence
  1373 | D:3      | Killed Terence
  1518 | D:5      | Found a glowing golden altar of the Shining One.
  1526 | D:5      | Reached skill level 1 in Maces & Flails
  1589 | D:5      | Noticed Edmund
  1609 | D:5      | Killed Edmund
  1610 | D:5      | Reached skill level 1 in Fighting
  1610 | D:5      | Reached XP level 8. HP: 45/59 MP: 5/17
  1711 | D:5      | Reached skill level 2 in Fighting
  1999 | D:6      | Reached skill level 5 in Maces & Flails
  2240 | D:6      | Reached skill level 3 in Fighting
  2309 | D:7      | Gained mutation: You passively map the area around you.
                  | [Meteoran growth]
  2309 | D:7      | Reached XP level 9. HP: 70/70 MP: 18/18
  2404 | D:7      | Reached skill level 5 in Dodging
  2600 | D:7      | Reached skill level 4 in Fighting
  2894 | D:7      | Found a staircase to the Ecumenical Temple.
  2910 | Temple   | Entered the Ecumenical Temple
  3051 | Temple   | Became a worshipper of Ashenzari the Shackled
  3212 | D:7      | Identified the +0 leather armour "Paja" {Rampage Will+++
                  | MP-9 Int+3}
  3321 | D:8      | Noticed a boulder beetle
  3329 | D:8      | Killed a boulder beetle
  3330 | D:8      | Reached skill level 5 in Fighting
  3330 | D:8      | Reached XP level 10. HP: 29/81 MP: 13/19
  3334 | D:8      | Learned a level 3 spell: Mephitic Cloud
  3374 | D:8      | Found a runed translucent door.
  3423 | D:8      | Noticed tabacat's ghost (novice DrCj)
  3424 | D:8      | Identified the +3 spear "Satot" {speed, rC+ Str-2 Int+4
                  | Dex+2}
  3470 | D:8      | Reached skill level 10 in Maces & Flails
  3479 | D:8      | Learned a level 4 spell: Animate Dead
  3499 | D:8      | Reached skill level 1 in Necromancy
  3505 | D:8      | Reached skill level 6 in Fighting
  3512 | D:8      | Identified the +7 spear of Freehold {vorpal, rF+ Str+2}
  3628 | D:8      | Noticed Gastronok
  3655 | D:8      | Killed Gastronok
  3656 | D:8      | Reached skill level 5 in Necromancy
  3734 | D:8      | Found Cheibriados's Comfort Zone.
  3735 | D:8      | Found a snail-covered altar of Cheibriados.
  3807 | D:9      | Noticed a two-headed ogre
  3820 | D:9      | Killed a two-headed ogre
  3821 | D:9      | Reached skill level 7 in Fighting
  3821 | D:9      | Reached XP level 11. HP: 79/92 MP: 11/20
  3918 | D:9      | Found a staircase to the Lair.
  3926 | D:9      | Noticed a two-headed ogre
  3951 | D:9      | Killed a two-headed ogre
  3952 | D:9      | Reached skill level 8 in Fighting
  3972 | Lair:1   | Entered Level 1 of the Lair of Beasts
  4159 | Lair:2   | Identified the +0 robe "Nogickae" {*Corrode +Blink rN+++
                  | Stlth-}
  4180 | Lair:1   | Reached skill level 10 in Dodging
  4180 | Lair:1   | Reached XP level 12. HP: 38/103 MP: 11/21
  4181 | Lair:1   | Reached * piety under Ashenzari
  4312 | Lair:2   | Identified a scroll of acquirement
  4331 | Lair:2   | Acquired a +2 cloak of willpower
  4380 | Lair:3   | Found a dark tunnel.
  4385 | Volcano  | Entered a volcano
  4386 | Volcano  | Reached ** piety under Ashenzari
  4405 | Volcano  | Noticed a centaur warrior
  4410 | Volcano  | Killed a centaur warrior
  4411 | Volcano  | Reached skill level 9 in Fighting
  4457 | Volcano  | Noticed a red draconian
  4473 | Volcano  | Killed a red draconian
  4474 | Volcano  | Reached skill level 10 in Necromancy
  4747 | Lair:5   | Learned a level 6 spell: Death Channel
  4829 | Lair:5   | Reached skill level 10 in Fighting
  4867 | Lair:5   | Identified the ring "Baot" {Ice *Corrode rElec MP+9}
  4935 | Lair:6   | Entered Level 6 of the Lair of Beasts
  4948 | Lair:6   | Reached *** piety under Ashenzari
  4995 | Lair:6   | Reached XP level 13. HP: 120/122 MP: 26/26
  5173 | Lair:6   | Noticed a dire elephant
  5173 | Lair:6   | Noticed a dire elephant
  5174 | Lair:6   | Noticed a dire elephant
  5178 | Lair:6   | Noticed a dire elephant
  5189 | Lair:6   | Killed a dire elephant
  5191 | Lair:6   | Killed a dire elephant
  5192 | Lair:6   | Reached skill level 11 in Fighting
  5267 | Lair:6   | Reached **** piety under Ashenzari
  5324 | Lair:6   | Killed a dire elephant
  5324 | Lair:6   | Killed a dire elephant
  5429 | Lair:6   | Reached XP level 14. HP: 120/135 MP: 28/28
  5613 | Lair:6   | Reached skill level 12 in Fighting
  5902 | Lair:5   | Found a runed translucent door.
  5902 | Lair:5   | Found a viscous altar of Jiyva.
  5906 | Lair:5   | Found a staircase to the Slime Pits.
  5998 | Lair:4   | Reached skill level 15 in Necromancy
  6013 | Lair:4   | Reached ***** piety under Ashenzari
  6024 | Lair:4   | Found a staircase to the Snake Pit.
  6078 | Lair:4   | Found a staircase to the Shoals.
  6255 | Lair:1   | Noticed Harold
  6270 | Lair:1   | Killed Harold
  6279 | Lair:1   | Learned a level 5 spell: Borgnjor's Vile Clutch
  6411 | D:9      | Found Ticaif's Antique Armour Shoppe.
  6481 | D:10     | Entered Level 10 of the Dungeon
  6514 | D:10     | Found Huc Minu's Distillery.
  6588 | D:10     | Reached skill level 1 in Earth Magic
  6974 | D:12     | Found a runed translucent gate.
  6974 | D:12     | Found a runed translucent gate.
  6974 | D:12     | Found a runed translucent gate.
  7022 | D:12     | Noticed Zeisox's ghost (journeyman DrSu)
  7030 | D:12     | Reached XP level 15. HP: 109/147 MP: 31/31
  7151 | D:12     | Found a radiant altar of Vehumet.
  7227 | D:12     | Found a glowing golden altar of the Shining One.
  7301 | D:12     | Learned a level 2 spell: Passwall
  7337 | D:12     | Reached skill level 13 in Fighting
  8105 | D:9      | Found a staircase to the Orcish Mines.
  8120 | Orc:1    | Entered Level 1 of the Orcish Mines
  8169 | Orc:2    | Entered Level 2 of the Orcish Mines
  8169 | Orc:2    | Found a staircase to the Elven Halls.
  8266 | Orc:2    | Reached skill level 15 in Dodging
  8296 | Orc:2    | Found Huekkes's General Store.
  8296 | Orc:2    | Found Yjogefe's Jewellery Shop.
  8399 | Orc:2    | Found Jeoroiph's Distillery.
  8400 | Orc:2    | Found Xior's Armour Shop.
  8494 | Orc:2    | Found Diybodef's Gadget Gallery.
  8590 | Orc:2    | Bought the +3 kite shield "Diraes" {rElec rCorr Stlth+} for
                  | 628 gold pieces
  8922 | D:1      | Bought the +10 morningstar "Eos" {elec, Halo rElec} for 888
                  | gold pieces
  8922 | D:1      | Found the +10 morningstar "Eos" {elec, Halo rElec}
  9220 | Shoals:1 | Entered Level 1 of the Shoals
  9259 | Lair:4   | Found a runed translucent door.
  9259 | Lair:4   | Found a shimmering altar of Xom.
  9259 | Lair:4   | Noticed Dutwide's ghost (journeyman MfGl)
  9259 | Lair:4   | Identified the +0 leather armour of Forking Paths {Str+5
                  | Dex-5}
  9272 | Lair:4   | Reached skill level 1 in Shields
  9324 | Snake:1  | Entered Level 1 of the Snake Pit
  9364 | Snake:1  | Reached skill level 14 in Fighting
  9382 | Snake:1  | Reached XP level 16. HP: 157/157 MP: 34/34
  9449 | Snake:2  | Reached skill level 5 in Shields
  9637 | Snake:2  | Noticed a nagaraja
  9641 | Snake:2  | Killed a nagaraja
  9734 | Snake:2  | Reached skill level 15 in Fighting
  9929 | Snake:3  | Reached skill level 16 in Fighting
  9981 | Snake:3  | Reached XP level 17. HP: 85/170 MP: 35/35
  9991 | Snake:3  | HP: 6/170 [naga warrior/+0 trident (32)]
  9991 | Snake:3  | Demolished by a salamander mystic

Illustrated notes

Levels and vault maps discovered:
D:1:      dpeg_arrival_rooms_c, layout_loops_ring, serial_shops,
          nicolae_shop_trees, minmay_lizard_pond
D:2:      layout_loops_ring, basic_altar, nrook_uturn, uniq_jessica
D:3:      layout_basic, makhleb_altar_promises_db, serial_corexii_hall,
          chequers_hall_statues_corner_a, corexii_hall_statues_t, serial_shops,
          shop_fountains, cheibrodos_gnoll_hut, uniq_crazy_yiuf_cottage,
          uniq_grinder, uniq_terence
D:4:      layout_basic, kennysheep_slug_shrine
D:5:      layout_basic, nicolae_tso_carved_into_rock, kennysheep_potato,
          uniq_edmund, uniq_prince_ribbit1, uniq_menkaure
D:6:      layout_cave_pods
D:7:      layout_basic, minmay_temple_entry_arrows, grunt_decor_cap
D:8:      minmay_recursive_quarters, layout_rooms, ebering_ghost_funeral_grove,
          minmay_shop_chei, serial_park_tiny_pond, uniq_gastronok
D:9:      layout_layer_cave, erik_lair_island, serial_shops,
          kennysheep_little_box
D:10:     layout_rooms, serial_shops, nicolae_shop_advertising_works
          [nicolae_subvault_shop_adworks], chequers_serial_rivers_micro_b,
          minivault_5
D:11:     layout_cave_pools, serial_glass, glass_columns_a, glass_columns_c
D:12:     lemuel_ogre_cave, layout_stronghold, gammafunk_ghost_hydra_chop,
          hangedman_feature_mirror
Temple:   compressed_dpeg_triangle_lava_temple
Lair:1:   minmay_guarded_unrand_snakebite, layout_concentric_octagons,
          minmay_lair_oklob_items, minmay_stone_trees_medium,
          nicolae_lair_lindhole, uniq_harold
Lair:2:   layout_cellular_growth, ebering_ghost_xom,
          chequers_serial_rivers_micro_a, serial_bayou_lake_a
Lair:3:   layout_chaotic_city, enter_volcano_4
Lair:4:   layout_gridlike, minmay_shoals_entry_lonely_mermaid,
          minmay_snake_entry_guardpost_small, ebering_ghost_xom,
          infiniplex_staircase_pool
Lair:5:   layout_regular_city, slime_entry_2
Lair:6:   due_jungle_book, layout_gridlike, chequers_serial_rivers_small_b,
          lemuel_fruit_fields, grunt_megastairs_2
Shoals:1: layout_shoals, dpeg_stationary_puzzle, uniq_josephine
Snake:1:  layout_grid_shapes, hangedman_snake_pattern, minmay_shop_star,
          serial_bayou_shore_a, uniq_agnes, uniq_jorgrun
Snake:2:  layout_onion
Snake:3:  layout_honeycomb, minmay_shoptagon
Orc:1:    layout_diamond_mine
Orc:2:    st_orc_town, layout_caves, nicolae_shop_gadgets

Skill      XL: |  1  2  3  4  5  6  7  8  9 10 11 12 13 14 15 16 |
---------------+-------------------------------------------------+-----
Poison Magic   | 4 5 6 7 8 |  8.1
Spellcasting   | 3 4 5 6 9 |  9.3
Maces & Flails | 2 5 9 10 | 10.2
Fighting       | 1 3 5 7 8 10 11 12 14 16 | 16.1
Dodging        | 3 4 6 8 10 11 12 14 15 | 15.3
Necromancy     | 5 9 11 13 15 | 15.3
Earth Magic    | 2 4 |  4.7
Shields        | 3 9 |  9.5
Stealth        | |  1.4
Transmutations | |  1.2

Action                   |  1- 3 |  4- 6 |  7- 9 | 10-12 | 13-15 | 16-18 || total
-------------------------+-------+-------+-------+-------+-------+-------++-------
Melee: Unarmed           |     3 |    16 |       |       |       |       ||    19
       Dagger            |       |     6 |       |       |       |       ||     6
       Flail             |       |       |     5 |       |       |       ||     5
       Dire flail        |       |       |    64 |   210 |   549 |       ||   823
       Morningstar       |       |       |       |       |    29 |   115 ||   144
 Cast: Sting             |    28 |    20 |    15 |     1 |     1 |       ||    65
       Poisonous Vapours |    13 |    40 |     3 |    11 |       |       ||    67
       Olgreb's Toxic Ra |       |     5 |    45 |    55 |    64 |       ||   169
       Mephitic Cloud    |       |       |       |     4 |       |       ||     4
       Animate Dead      |       |       |       |     8 |    12 |     5 ||    25
       Death Channel     |       |       |       |     3 |    24 |     7 ||    34
       Passwall          |       |       |       |       |     6 |       ||     6
       Borgnjor's Vile C |       |       |       |       |       |    10 ||    10
Invok: Curse Item        |       |       |       |     5 |     3 |       ||     8
       Shatter the Chain |       |       |       |       |     1 |       ||     1
Evoke: Wand              |       |       |     2 |     4 |       |       ||     6
  Use: Scroll            |       |       |    13 |     5 |     2 |       ||    20
 Stab: Invisible         |       |       |       |     4 |       |       ||     4
       Distracted        |       |       |       |     1 |     8 |     5 ||    14
       Sleeping          |       |       |       |     1 |     2 |       ||     3
Armor: Robe              |    10 |     9 |    16 |    92 |   131 |    14 ||   272
Dodge: Dodged            |    10 |    28 |    31 |   210 |   521 |    59 ||   859
Block: Other             |       |    17 |    21 |    64 |   135 |       ||   237
       Reflection        |       |     2 |     1 |     2 |     6 |    21 ||    32
       Kite shield       |       |       |       |       |    37 |   157 ||   194

Table legend: (Time is in decaauts)
 A = Elapsed time spent in this place.
 B = Non-inter-level travel time spent in this place.
 C = Inter-level travel time spent in this place.
 D = Time resting spent in this place.
 E = Time spent auto-exploring this place.
 F = Levels seen in this place.
 G = Mean time per level.
                   A        B        C        D        E       F      G
               +--------+--------+--------+--------+--------+-----+--------+
         Total |   9784 |   8337 |   1447 |     25 |   1896 |  26 |  376.3 |
       Dungeon |   5997 |   4877 |   1120 |      0 |   1747 |  12 |  499.8 |
        Temple |    192 |    167 |     25 |     25 |    104 |   1 |  192.0 |
          Lair |   2249 |   2030 |    219 |      0 |     25 |   6 |  374.8 |
        Shoals |      9 |      9 |      0 |      0 |      0 |   1 |    9.0 |
     Snake Pit |    662 |    662 |      0 |      0 |     20 |   3 |  220.7 |
  Orcish Mines |    512 |    431 |     81 |      0 |      0 |   2 |  256.0 |
       Volcano |    160 |    160 |      0 |      0 |      0 |   1 |  160.0 |
               +--------+--------+--------+--------+--------+-----+--------+

Top non-repeatable levels by time:
     D:7: 855 daAuts
  Lair:6: 814 daAuts
    D:12: 664 daAuts
     D:9: 632 daAuts
     D:6: 554 daAuts
     D:8: 547 daAuts
     D:3: 521 daAuts
     D:2: 501 daAuts
    D:10: 475 daAuts
   Orc:2: 464 daAuts
     D:5: 453 daAuts
 Snake:2: 372 daAuts
  Lair:5: 369 daAuts
     D:4: 351 daAuts
  Lair:4: 338 daAuts
